 Dungeon Crawl Stone Soup version 0.32-a0-30-gefbe487952 (webtiles) character file.

Game seed: 12208671384519848177

12156 gelatine the Grappler (level 11, -2/102 HPs)
             Began as a Troll Shapeshifter on Jan 19, 2024.
             Slain by a wyvern (9 damage)
             ... on level 2 of the Lair of Beasts.
             The game lasted 00:22:47 (7739 turns).

gelatine the Grappler (Troll Shapeshifter)          Turns: 7739, Time: 00:22:47

Health: -2/102     AC: 18    Str: 28    XL:     11   Next: 58%
Magic:  10/10      EV:  8    Int:  6    God:
Gold:   707        SH:  5    Dex:  9    Spells: 10/10 levels left

rFire   . .          .
                       - Unarmed
rCold   . . .        E - orb {light}
rNeg    + . .        l - +0 pearl dragon scales
rPois   .            (helmet currently unavailable)
rElec   .            (cloak currently unavailable)
rCorr   .            (gloves unavailable)
SInv    .            (boots unavailable)
Will    +....        O - amulet of reflection Stlth
                     i - +4 ring of protection
HPRegen 1.17/turn    u - ring of willpower
MPRegen 0.12/turn

%: reflection
@: about to teleport, beast-form, glowing
A: beast (slay +4), large, unfitting armour, claws 3, regeneration 1, shaggy fur
1, tough skin 1
a: Begin Untransformation


You were on level 2 of the Lair of Beasts.
You were a hulking beast.
You visited 3 branches of the dungeon, and saw 13 of its levels.

You collected 707 gold pieces.

Inventory:

Missiles
 f - 6 javelins
 g - 21 poisoned darts
 y - 6 boomerangs (quivered)
 H - a throwing net
Armour
 a - a +0 robe of willpower
 l - +0 pearl dragon scales (worn)
 E - an orb of light (worn)
 K - a +2 robe of fire resistance
 T - a +0 helmet
Jewellery
 i - a +4 ring of protection (left claw)
 k - a ring of protection from cold
 u - a ring of willpower (right claw)
 z - a ring of flight
 F - a ring of wizardry
 I - an amulet of regeneration
 J - an amulet of guardian spirit
 O - an amulet of reflection (around neck)
 V - an amulet of the acrobat
Talismans
 c - a beast talisman
 d - a flux talisman
 N - a blade talisman
Wands
 j - a wand of roots (21)
 r - a wand of paralysis (18)
 M - a wand of polymorph (12)
 U - a wand of flame (5)
Scrolls
 e - 2 scrolls of enchant armour
 h - 2 scrolls of teleportation
 m - a scroll of revelation
 p - 4 scrolls of fog
 q - 3 scrolls of noise {unknown}
 s - a scroll of enchant weapon {unknown}
 A - a scroll of fear {unknown}
 Q - a scroll of poison {unknown}
 S - 3 scrolls of vulnerability {unknown}
Potions
 b - 3 potions of lignification
 n - a potion of berserk rage
 o - a potion of enlightenment
 t - a potion of invisibility
 v - 2 potions of brilliance
 w - 2 potions of curing {unknown}
 x - 2 potions of attraction
 B - a potion of might {unknown}
 C - 2 potions of heal wounds {unknown}
 D - 3 potions of mutation
 L - a potion of haste {unknown}
 P - 2 potions of cancellation {unknown}
 R - a potion of ambrosia


   Skills:
 * Level 5.1 Fighting
 + Level 1.4 Throwing
 + Level 5.3 Armour
 + Level 3.5 Dodging
 + Level 1.0 Stealth
 * Level 14.2 Unarmed Combat
 * Level 7.1 Shapeshifting


You had 10 spell levels left.
You didn't know any spells.
Your spell library contained the following spells:

 Spells                   Type           Power      Damage    Failure   Level
 Slow                     Hex            0%         N/A       77%         1
 Confusing Touch          Hex            0%         N/A       98%         3
 Dazzling Flash           Conj/Hex       0%         N/A       98%         3
 Fugue of the Fallen      Necr           0%         N/A       98%         3
 Hailstorm                Conj/Ice       0%         3d5       98%         3
 Inner Flame              Hex/Fire       0%         N/A       98%         3
 Mephitic Cloud           Conj/Alch/Air  0%         N/A       98%         3
 Ozocubu's Armour         Ice            0%         N/A       98%         3
 Sigil of Binding         Hex            0%         N/A       98%         3
 Stone Arrow              Conj/Erth      0%         3d7       98%         3
 Summon Ice Beast         Ice/Summ       0%         N/A       98%         3
 Vampiric Draining        Necr           0%         2d6       98%         3
 Volatile Blastmotes      Fire/Tloc      0%         2d10      98%         3
 Animate Armour           Summ/Erth      0%         N/A       100%        4
 Manifold Assault         Tloc           0%         N/A       100%        4
 Curse of Agony           Necr           0%         N/A       100%        5
 Irradiate                Conj/Alch      0%         3d11      100%        5
 Silence                  Hex/Air        0%         N/A       100%        5
 Sculpt Simulacrum        Ice/Alch       0%         N/A       100%        6
 Starburst                Conj/Fire      0%         6d3       100%        6
 Ignition                 Fire           0%         3d3       100%        8
 Lehudib's Crystal Spear  Conj/Erth      0%         10d2      100%        8
 Maxwell's Capacitive Co  Air            0%         ∞         100%        8


Dungeon Overview and Level Annotations

Branches:
Dungeon (10/15)            Temple (1/1) D:7            Lair (2/5) D:10
  Swamp: Lair:2-3    Shoals: Lair:2-3     Snake: Lair:2-3    Spider: Lair:2-3
    Orc: D:9-12

Altars:
Ashenzari
Cheibriados
Dithmenos
Elyvilon
Fedhas
Gozag
Hepliaklqana
Kikubaaqudgha
Makhleb
Nemelex Xobeh
Okawaru
Qazlal
Ru
Sif Muna
Trog
Uskayaw
Vehumet
Wu Jian
Xom
Yredelemnul
Zin
The Shining One
Lugonu

Shops:
D:4 =


Innate Abilities, Weirdness & Mutations

You are a hulking beast.
Your limbs bulge with bestial killing power. (Slay +4)
You are too large for most types of armour.
You have claws for hands.
Your natural rate of healing is unusually fast.
You are covered in fur. (AC +1)
You have tough skin. (AC +1)


Message History

The wyvern bites you but does no damage.
The wolf bites you but does no damage. The cane toad closely misses you.
You barely miss the wyvern. The wyvern bites you.
The wolf bites you but does no damage. x2; The wyvern bites you!
* * * LOW HITPOINT WARNING * * *
The cane toad barely misses you.
Unknown command.
Unknown command.
You scratch the wyvern.
The wyvern is lightly wounded.
The wolf bites you but does no damage. x2; The wyvern bites you.
* * * LOW HITPOINT WARNING * * *
As you read the scroll of teleportation, it crumbles to dust.
You feel strangely unstable. The wolf completely misses you.
The wolf bites you but does no damage. The cane toad stings you.
* * * LOW HITPOINT WARNING * * *
The wyvern barely misses you. The wolf barely misses you.
The wolf completely misses you.
The cane toad stings you but does no damage.
You eviscerate the cane toad!!!
The cane toad is almost dead.
You hear a howl! x3
The wolf barely misses you.
The wyvern bites you but does no damage.
The wolf barely misses you.
You scratch the cane toad.
You kill the cane toad!
The wolf bites you but does no damage. The wyvern bites you.
* * * LOW HITPOINT WARNING * * *
The wolf bites you but does no damage.
You completely miss the wolf. The wolf bites you but does no damage.
A wolf comes into view.
The wolf bites you but does no damage. The wyvern barely misses you.
The wolf bites you but does no damage. x2
You mangle the wolf!!
You kill the wolf!
The wyvern bites you!
* * * LOW HITPOINT WARNING * * *
The wolf bites you but does no damage. The wyvern bites you!
You die...

.......#......+
.......#......#
.........8... .
. ...#....... ..
.. #.......##.#
#.##..8......#.#
#.....h†k......
#....†h†......
+.8.<†8..8...#
#............+
#....h........
##..8..######.
##..?.. .#.....
...#...8. ##.
#.....


You could see a wyvern and 2 wolves.

Vanquished Creatures
  2 two-headed ogres
  Jeremiah (D:6)
  2 cane toads
  2 komodo dragons
  A polar bear (Lair:1)
  2 hornets (D:10)
  A troll (D:8)
  5 blink frogs (Lair:1)
  Sigmund (D:2)
  Grinder (D:4)
  2 slime creatures (D:9)
  A shadow (D:9)
  3 wyverns
  Eustachio (D:6)
  10 yaks
  A basilisk (Lair:2)
  A steam dragon (D:6)
  Menkaure (D:6)
  An acid dragon (D:9)
  3 water moccasins
  3 orc warriors
  An ice beast (D:5)
  A black bear (Lair:1)
  2 wolves (Lair:2)
  5 centaurs
  3 phantoms
  2 kobold brigands
  3 bullfrogs
  Blork the orc (D:4)
  A scorpion (D:5)
  2 gnoll sergeants (D:6)
  20 wights
  3 howler monkeys
  A lava snake (Lair:1)
  A gnoll bouda (D:8)
  8 orc priests
  A bombardier beetle (D:4)
  3 hounds
  4 jellies
  3 iguanas
  3 sleepcaps
  8 orc wizards
  14 gnolls
  5 adders
  A shadow imp (D:5)
  A white imp (D:6)
  2 ufetubi (D:6)
  3 ribbon worms
  2 dart slugs
  36 orcs
  9 ball pythons
  6 bats
  7 endoplasms
  7 goblins
  10 hobgoblins
  4 jackals (D:2)
  A quokka (D:3)
  3 frilled lizards
  12 kobolds
  5 rats
249 creatures vanquished.

Vanquished Creatures (others)
  An arcanist (D:9)
1 creature vanquished.

Grand Total: 250 creatures vanquished

Notes
Turn   | Place    | Note
-------+----------+-------------------------------------------
     0 | D:1      | gelatine the Troll Shapeshifter began the quest for the
                  | Orb.
     0 | D:1      | Reached XP level 1. HP: 18/18 MP: 0/0
    64 | D:1      | Reached XP level 2. HP: 26/26 MP: 1/1
   387 | D:1      | Reached XP level 3. HP: 32/32 MP: 2/2
   616 | D:2      | Noticed Sigmund
   631 | D:2      | Killed Sigmund
   632 | D:2      | Reached skill level 1 in Fighting
   632 | D:2      | Reached skill level 4 in Unarmed Combat
   632 | D:2      | Reached XP level 4. HP: 41/41 MP: 3/3
   632 | D:2      | Reached XP level 5. HP: 48/48 MP: 4/4
  1233 | D:2      | Reached skill level 5 in Unarmed Combat
  1785 | D:3      | Reached XP level 6. HP: 55/55 MP: 5/5
  1921 | D:3      | Noticed a shadow
  1922 | D:3      | Found a shadowy altar of Dithmenos.
  1923 | D:3      | Found a hazy altar of Hepliaklqana.
  2102 | D:4      | Noticed Grinder
  2103 | D:4      | Paralysed by Grinder for 5 turns
  2112 | D:4      | Killed Grinder
  2113 | D:4      | Reached skill level 1 in Armour
  2191 | D:4      | Found Myemoli's Jewellery Shop.
  2195 | D:4      | Noticed Blork the orc
  2205 | D:4      | Killed Blork the orc
  2206 | D:4      | Reached skill level 6 in Unarmed Combat
  2206 | D:4      | Reached XP level 7. HP: 62/62 MP: 6/6
  2525 | D:5      | Entered Level 5 of the Dungeon
  2644 | D:5      | Reached skill level 7 in Unarmed Combat
  2644 | D:5      | Reached XP level 8. HP: 67/74 MP: 7/7
  2798 | D:5      | Found a sacrificial altar of Ru.
  2930 | D:5      | Found an opulent altar of Gozag.
  3085 | D:6      | Reached skill level 8 in Unarmed Combat
  3203 | D:6      | Found an ancient bone altar of Kikubaaqudgha.
  3203 | D:6      | Found a broken altar of Ashenzari.
  3203 | D:6      | Found a stormy altar of Qazlal.
  3203 | D:6      | Found a sparkling altar of Nemelex Xobeh.
  3209 | D:6      | Reached skill level 5 in Shapeshifting
  3222 | D:6      | Found a hide-covered altar of Uskayaw.
  3225 | D:6      | Found a basalt altar of Yredelemnul.
  3367 | D:6      | Noticed Jeremiah
  3389 | D:6      | Killed Jeremiah
  3390 | D:6      | Reached skill level 9 in Unarmed Combat
  3390 | D:6      | Reached XP level 9. HP: 56/81 MP: 8/8
  3524 | D:6      | Noticed Menkaure
  3538 | D:6      | Killed Menkaure
  3722 | D:6      | Noticed Eustachio
  3728 | D:6      | Killed Eustachio
  4163 | D:7      | Reached skill level 10 in Unarmed Combat
  4179 | D:7      | Found a staircase to the Ecumenical Temple.
  4216 | Temple   | Entered the Ecumenical Temple
  4428 | D:7      | Found an ornate altar of the Wu Jian Council.
  4650 | D:8      | Noticed a troll
  4660 | D:8      | Killed a troll
  4704 | D:8      | Reached XP level 10. HP: 86/92 MP: 9/9
  4720 | D:8      | Reached skill level 11 in Unarmed Combat
  4807 | D:8      | Noticed a two-headed ogre
  4813 | D:8      | Killed a two-headed ogre
  4881 | D:8      | Found a runed translucent door.
  5317 | D:8      | Found a huge runed translucent gate.
  5317 | D:8      | Found a runed translucent door.
  5318 | D:8      | Found a huge runed translucent gate.
  5318 | D:8      | Found a huge runed translucent gate.
  5318 | D:8      | Found a huge runed translucent gate.
  5318 | D:8      | Found a runed translucent door.
  5484 | D:8      | Reached skill level 1 in Stealth
  5555 | D:8      | Found a glowing golden altar of the Shining One.
  5719 | D:9      | Noticed a two-headed ogre
  5728 | D:9      | Killed a two-headed ogre
  5729 | D:9      | Reached skill level 1 in Throwing
  5729 | D:9      | Reached skill level 12 in Unarmed Combat
  5761 | D:9      | Found a shimmering blue altar of Sif Muna.
  5885 | D:9      | Found a burning altar of Makhleb.
  5961 | D:9      | Found a bloodstained altar of Trog.
  5963 | D:9      | Noticed a wizard
  5968 | D:9      | Killed a wizard
  6450 | D:10     | Entered Level 10 of the Dungeon
  6450 | D:10     | Found a shimmering altar of Xom.
  6588 | D:10     | Reached XP level 11. HP: 101/101 MP: 10/10
  6591 | D:10     | Reached skill level 13 in Unarmed Combat
  6635 | D:10     | Paralysed by a hornet for 3 turns
  6786 | D:10     | Paralysed by a hornet for 2 turns
  6895 | D:10     | Found a staircase to the Lair.
  7160 | Lair:1   | Entered Level 1 of the Lair of Beasts
  7290 | Lair:1   | Reached skill level 5 in Armour
  7422 | Lair:1   | Reached skill level 5 in Fighting
  7478 | Lair:1   | Reached skill level 14 in Unarmed Combat
  7739 | Lair:2   | Slain by a wyvern

Illustrated notes

Levels and vault maps discovered:
D:1:      psy_arrival_heroes, layout_basic
D:2:      layout_basic, grunt_ministairs_7, minmay_pentomino_t2, uniq_sigmund
D:3:      layout_loops_cross, riverfiend_overflow_shadow_ancestor,
          eino_curves_02
D:4:      layout_basic, minmay_fountain_box, nicolae_take_the_stairs,
          uniq_blork_the_orc, uniq_grinder
D:5:      layout_cave_pools, mainiacjoe_overflow_concentric_impassable,
          mainiacjoe_overflow_alcove_2
D:6:      layout_cave_pods, minmay_overflow_temple_hex, uniq_jeremiah,
          uniq_eustachio, uniq_menkaure
D:7:      layout_rooms, nicolae_wu_jian_wuxing_cycle,
          minmay_temple_entry_antechambers
D:8:      layout_cave_pods, tso_altar, hangedman_decor_push,
          minmay_misc_feat_encased, chequers_serial_rivers_marsh,
          lightli_church_of_beogh
D:9:      layout_loops_ring, mainiacjoe_overflow_chevrons, trog_wizard,
          amcnicky_altar_gilded
D:10:     layout_loops_ring, overflow_temple_1_default, lair_entry_dummy
Temple:   corrupted_temple
Lair:1:   layout_gridlike
Lair:2:   layout_long_grid, mainiacjoe_swamp_entry_lozenge_pond,
          grunt_megastairs_3

Skill      XL: |  1  2  3  4  5  6  7  8  9 10 11 |
---------------+----------------------------------+-----
Fighting       | 1 2 3 4 5 |  5.1
Dodging        | 2 3 |  3.5
Unarmed Combat | 4 5 6 7 9 10 12 14 | 14.2
Shapeshifting  | 4 5 6 7 |  7.1
Armour         | 1 2 3 4 5 |  5.3
Stealth        | 1 |  1.0
Throwing       | 1 |  1.4

Action                     |  1- 3 |  4- 6 |  7- 9 | 10-12 || total
---------------------------+-------+-------+-------+-------++-------
  Melee: Unarmed           |    60 |   122 |   234 |   221 ||   637
         Punch             |     1 |     1 |     4 |       ||     6
  Throw: Dart              |     2 |       |     5 |    11 ||    18
         Boomerang         |       |       |       |     8 ||     8
    Use: Scroll            |       |       |     7 |     6 ||    13
 Armour: Animal skin       |    45 |       |       |       ||    45
         Pearl dragon scal |       |    76 |   207 |   194 ||   477
         Robe              |       |     3 |       |       ||     3
  Dodge: Dodged            |    42 |    49 |   100 |    87 ||   278

Table legend: (Time is in decaauts)
 A = Elapsed time spent in this place.
 B = Non-inter-level travel time spent in this place.
 C = Inter-level travel time spent in this place.
 D = Time resting spent in this place.
 E = Time spent auto-exploring this place.
 F = Levels seen in this place.
 G = Mean time per level.
                   A        B        C        D        E       F      G
               +--------+--------+--------+--------+--------+-----+--------+
         Total |   7634 |   7240 |    394 |      0 |   5526 |  13 |  587.2 |
       Dungeon |   7056 |   6712 |    344 |      0 |   5122 |  10 |  705.6 |
        Temple |     15 |     15 |      0 |      0 |      0 |   1 |   15.0 |
          Lair |    562 |    512 |     50 |      0 |    404 |   2 |  281.0 |
               +--------+--------+--------+--------+--------+-----+--------+

Top non-repeatable levels by time:
     D:8: 1108 daAuts
     D:6: 1107 daAuts
     D:3: 735 daAuts
     D:9: 719 daAuts
    D:10: 703 daAuts
     D:2: 685 daAuts
     D:1: 583 daAuts
  Lair:1: 550 daAuts
     D:4: 498 daAuts
     D:5: 462 daAuts
     D:7: 451 daAuts
  Temple: 15 daAuts
  Lair:2: 12 daAuts
